 Dungeon Crawl Stone Soup version 0.31-a0-152-g6aa68a64a1 (webtiles) character file.

Game seed: 1605814998734235584

364 qw the Shooter (level 6, -11/52 HPs)
             Began as a Minotaur Hunter on June 9, 2023.
             Was an Initiate of Okawaru.
             Mangled by a gnoll sergeant
             ... wielding a +2 spear of venom
              (15 damage)
             ... on level 4 of the Dungeon.
             The game lasted 00:01:05 (3233 turns).

qw the Shooter (Minotaur Hunter)                    Turns: 3233, Time: 00:01:05

Health: -11/52     AC:  3    Str: 25    XL:     6   Next: 39%
Magic:  5/5        EV: 14    Int:  3    God:    Okawaru [......]
Gold:   165        SH:  5    Dex: 22    Spells: 5/5 levels left

rFire   + + .        Y - +1 shortbow
rCold   . . .        (shield currently unavailable)
rNeg    . . .        d - +1 robe of Duothreymm {rF++ Str+4 Int-3}
rPois   .            (helmet restricted)
rElec   .            (no cloak)
rCorr   .            (no gloves)
SInv    .            (no boots)
Will    .....        e - amulet of reflection
Stlth   ++           h - +6 ring of dexterity
HPRegen 0.28/turn    k - +6 ring of strength
MPRegen 0.09/turn

%: reflection
@: lethally poisoned (-11 -> -41), about to teleport
A: horns 2, retaliatory headbutt
a: Renounce Religion


You were on level 4 of the Dungeon.
You worshipped Okawaru.
Okawaru was noncommittal.
You visited 1 branch of the dungeon, and saw 5 of its levels.

You collected 279 gold pieces.
You spent 114 gold pieces at shops.


Innate Abilities, Weirdness & Mutations

You have a pair of horns on your head.
You reflexively headbutt those who attack you in melee.


   Skills:
 - Level 4.0 Fighting
 + Level 7.5 Ranged Weapons
 - Level 1.0 Armour
 - Level 3.1 Dodging
 - Level 0.7 Stealth


You had 5 spell levels left.
You didn't know any spells.
Your spell library was empty.

Inventory:

Hand Weapons
 Y - a +1 shortbow (weapon)
Armour
 d - the +1 robe of Duothreymm (worn) {rF++ Str+4 Int-3}
   (You bought it in a shop on level 4 of the Dungeon)

   Str:       It affects your strength (+4).
   Int:       It affects your intelligence (-3).
   rF:        It greatly protects you from fire.
Jewellery
 e - an amulet of reflection (around neck)
 h - a +6 ring of dexterity (left hand)
 k - a +6 ring of strength (right hand)
Scrolls
 b - 2 scrolls of enchant armour
 g - a scroll of identify
 j - a scroll of teleportation
Potions
 c - a potion of cancellation
 i - a potion of haste

Dungeon Overview and Level Annotations

Branches:
Dungeon (5/15)
 Temple: D:4-7

Altars:
Fedhas
Gozag
Kikubaaqudgha
Okawaru
Xom

Shops:
D:2 :   D:4 [


Message History

The adder bites you.
The gnoll sergeant hits you with a +2 spear of venom!
You are poisoned.
3229 ||| STAIRDANCE You feel very sick.
The adder misses you. You furiously retaliate!
You headbutt the adder!
You kill the adder!
Okawaru accepts your kill. The gnoll misses you. The gnoll barely misses you.
The gnoll sergeant hits you with a +2 spear of venom.
You climb upwards.
You feel very sick.
There is a stone staircase leading down here.
Enter note:
Enter note:
Enter note:
Enter note:
Enter note:
Enter note:
Enter note:
Enter note:
Enter note: You shoot an arrow.
The arrow barely misses the gnoll sergeant.
You feel sick.
The gnoll sergeant hits you with a +2 spear of venom.
You are more poisoned.
The gnoll barely misses you. x2
You shoot an arrow. The arrow hits the gnoll sergeant.
The gnoll sergeant is moderately wounded.
You feel very sick.
The gnoll sergeant hits you with a +2 spear of venom!
You are lethally poisoned!
The gnoll closely misses you. The gnoll hits you with a +0 flail.
3233 ||| READING 2 scrolls of teleportation.
As you read the scroll of teleportation, it crumbles to dust.
You feel strangely unstable.
You feel extremely sick.
The gnoll sergeant hits you with a +2 spear of venom!
You die...

#...# ###...#
##################.....#
#......................#
#.###############......#####
#.#............<.......#...#
#.#.............#.#.####...#
####)#####........##.#.####....
#............g@g..+.....).).).)
##...#####....g...##.#.#####...
#.### ##.......##.#.# #... #.#
#.......##.#.#####... ###
#.................###
######.......####...'
#..........########
####....[.#....<..#
######....^.##.#


You could see a gnoll sergeant and 2 gnolls.

Vanquished Creatures
  2 hounds (D:4)
  3 orc wizards (D:4)
  3 adders
  3 worms
  2 dart slugs
  13 orcs
  5 endoplasms
  2 giant cockroaches
  6 goblins
  2 hobgoblins
  8 jackals
  7 quokkas
  7 ball pythons
  3 bats
  4 frilled lizards
  9 kobolds
  A rat (D:1)
80 creatures vanquished.

Vanquished Creatures (others)
  Sigmund (D:3)
1 creature vanquished.

Grand Total: 81 creatures vanquished

Notes
Turn   | Place    | Note
-------+----------+-------------------------------------------
     0 | D:1      | qw the Minotaur Hunter began the quest for the Orb.
     0 | D:1      | Reached XP level 1. HP: 18/18 MP: 0/0
     0 | D:1      | 0 ||| qw: Version: 0.2-a-120-g592f744
     0 | D:1      | 0 ||| qw: Game counter: 3159
     0 | D:1      | 0 ||| qw: Always use a shield: true
     0 | D:1      | 0 ||| qw: God list: Okawaru
     0 | D:1      | 0 ||| qw: Allow faded altars: false
     0 | D:1      | 0 ||| qw: Do Orc after D:15 true
     0 | D:1      | 0 ||| qw: Do second Lair branch before Depths: true
     0 | D:1      | 0 ||| qw: Lair rune preference: random
     0 | D:1      | 0 ||| qw: Plans: Normal
     0 | D:1      | 0 ||| PLANNING D:1-11
   448 | D:1      | Found a faded altar of an unknown god.
   455 | D:1      | Reached XP level 2. HP: 20/25 MP: 1/1
   459 | D:1      | Reached skill level 5 in Ranged Weapons
   740 | D:1      | 740 ||| UPGRADING to +0 ring mail.
   750 | D:1      | 750 ||| DROPPING +0 leather armour.
   751 | D:1      | 751 ||| UPGRADING to +6 ring of dexterity.
   752 | D:1      | 752 ||| READING scroll labelled TEAQAO MUHETA.
   757 | D:1      | 757 ||| READING 3 scrolls labelled LADGHA LIEGAUT.
   758 | D:1      | 758 ||| READING 2 scrolls of identify.
   758 | D:1      | 758 ||| IDENTIFYING glowing clear potion
   759 | D:1      | 759 ||| DROPPING scroll of butterflies.
   778 | D:2      | Found Yttov's Book Boutique.
   855 | D:2      | Reached skill level 1 in Armour
  1004 | D:2      | Reached skill level 3 in Fighting
  1069 | D:2      | Reached XP level 3. HP: 31/31 MP: 2/2
  1583 | D:2      | 1583 ||| UPGRADING to amulet of reflection.
  1588 | D:2      | 1588 ||| READING scroll labelled RUANTA NEATOTH.
  1589 | D:2      | 1589 ||| READING 2 scrolls labelled BIESTO WABLAIPP.
  1590 | D:2      | 1590 ||| READING scroll labelled WOSHAQ ITINLUI.
  1591 | D:2      | 1591 ||| READING scroll labelled VAETHR ULEAVVO.
  1647 | D:2      | 1647 ||| DRINKING 2 fizzy dark potions.
  1648 | D:2      | 1648 ||| DROPPING scroll of magic mapping.
  1843 | D:3      | Noticed Sigmund
  1859 | D:3      | Killed Sigmund
  1860 | D:3      | Reached skill level 6 in Ranged Weapons
  1860 | D:3      | Reached XP level 4. HP: 20/38 MP: 3/3
  1860 | D:3      | Reached XP level 5. HP: 24/45 MP: 4/4
  1959 | D:3      | Found a shimmering altar of Xom.
  2114 | D:3      | Found a blossoming altar of Fedhas.
  2313 | D:3      | Found an opulent altar of Gozag.
  2548 | D:3      | 2548 ||| READING scroll labelled OTETSO XAERIHEC.
  2549 | D:3      | 2549 ||| READING scroll labelled BYTWAI SIERGH.
  2550 | D:3      | 2550 ||| READING scroll labelled QAXURER REXU.
  2551 | D:3      | 2551 ||| READING scroll labelled VAERIONOTI.
  2552 | D:3      | 2552 ||| READING 3 scrolls of identify.
  2552 | D:3      | 2552 ||| IDENTIFYING ruby potion
  2553 | D:3      | 2553 ||| DROPPING potion of invisibility.
  2633 | D:4      | Reached skill level 7 in Ranged Weapons
  2658 | D:4      | 2658 ||| Stepping ~*~*~tactically~*~*~ (outnumbered).
  2670 | D:4      | 2670 ||| DRINKING potion of curing.
  2670 | D:4      | 2670 ||| (to cure confusion)
  2674 | D:4      | Reached skill level 3 in Dodging
  2674 | D:4      | Reached XP level 6. HP: 48/52 MP: 5/5
  2833 | D:4      | Found Nium's Antique Armour Shoppe.
  2841 | D:4      | 2841 ||| BUYING dull robe (114 gold).
  2841 | D:4      | Bought a dull robe for 114 gold pieces
  2841 | D:4      | Identified the +1 robe of Duothreymm {rF++ Str+4 Int-3}
                  | (You bought it in a shop on level 4 of the Dungeon)
  2841 | D:4      | 2841 ||| SHOPLISTING glimmering ring mail (180 gold, have
                  | 114).
  2986 | D:4      | Found an iron altar of Okawaru.
  2987 | D:4      | 2987 ||| PLANNING OKAWARU WORSHIP
  2987 | D:4      | 2987 ||| UPGRADING to +1 robe of Duothreymm {rF++ Str+4
                  | Int-3}.
  2997 | D:4      | 2997 ||| DROPPING +0 ring mail.
  2998 | D:4      | 2998 ||| UPGRADING to +6 ring of strength.
  2999 | D:4      | 2999 ||| READING scroll labelled OTEJEN GIOB.
  3100 | D:4      | 3100 ||| READING 2 scrolls of identify.
  3100 | D:4      | 3100 ||| IDENTIFYING glowing brown potion
  3108 | D:4      | Became a worshipper of Warmaster Okawaru
  3108 | D:4      | 3108 ||| PLANNING D:1-11
  3111 | D:4      | Found an ancient bone altar of Kikubaaqudgha.
  3227 | D:5      | Entered Level 5 of the Dungeon
  3229 | D:5      | 3229 ||| STAIRDANCE
  3232 | D:4      | HP: 13/52 [gnoll sergeant/+2 spear of venom (14)]
  3233 | D:4      | 3233 ||| READING 2 scrolls of teleportation.
  3233 | D:4      | HP: 4/52 [poisoned by a gnoll sergeant]
  3233 | D:4      | Mangled by a gnoll sergeant

Levels and vault maps discovered:
D:1:      minmay_arrival_loop, layout_basic,
          ebering_ecumenical_altar_sacrificial
D:2:      layout_loops_corners, serial_shops, nicolae_shop_hallway_stairs
D:3:      layout_basic, fedhas_altar_fruit_tree,
          nicolae_gozag_cash_rules_everything_around_me,
          mainiacjoe_overflow_24_doors, minmay_stone_trees_small, uniq_sigmund
D:4:      layout_basic, amcnicky_altar_gilded, lemuel_crystal_altar,
          serial_shops, shop
D:5:      layout_layer_cave, nicolae_uskayaw_en_pointe,
          mainiacjoe_overflow_concentric_impassable,
          mainiacjoe_overflow_tiny_flanked, temple_fountains

Skill      XL: |  1  2  3  4  5 |
---------------+----------------+-----
Ranged Weapons | 5 6 7 |  7.5
Armour         | 1 |  1.0
Fighting       | 3 4 |  4.0
Dodging        | 3 |  3.1
Stealth        | |  0.7

Action                     |  1- 3 |  4- 6 || total
---------------------------+-------+-------++-------
   Fire: Shortbow          |   102 |   106 ||   208
    Use: Scroll            |     7 |     8 ||    15
         Potion            |     1 |     1 ||     2
 Armour: Leather armour    |     2 |       ||     2
         Ring mail         |    13 |    11 ||    24
  Dodge: Dodged            |    20 |    31 ||    51
  Block: Other             |       |     6 ||     6

Table legend:
 A = Non-vault XP
 B = Vault XP
 C = Vault XP percentage of total XP
 D = Non-vault monster count
 E = Vault monster count
 F = Vault count percentage of total count
                 A         B        C        D         E       F
            +---------+---------+-------+---------+---------+-------
      Total |     378 |     143 |  27.4 |      80 |       1 |   1.2
            +---------+---------+-------+---------+---------+-------
        D:1 |      23 |       0 |   0.0 |      14 |       0 |   0.0
        D:2 |      44 |       0 |   0.0 |      17 |       0 |   0.0
        D:3 |      61 |     143 |  70.1 |      24 |       1 |   4.0
        D:4 |     236 |       0 |   0.0 |      24 |       0 |   0.0
        D:5 |      14 |       0 |   0.0 |       1 |       0 |   0.0
            +---------+---------+-------+---------+---------+-------
